[Event "Late-Titled-Tuesday-Blitz-March-12-2024"]
[Site "Chess.com"]
[Date "2024.03.12"]
[Round "4"]
[White "Iljiushenok_Ilya"]
[Black "tptagain"]
[Result "0-1"]
[WhiteElo "2779"]
[BlackElo "2959"]
[TimeControl "180+1"]
[EndTime "14:35:26 PDT"]
[Termination "tptagain won by resignation"]

1. e4 Nc6 2. Nc3 e5 3. Bc4 g6 4. d3 Bg7 5. f4 d6 6. Nf3 exf4 7. Bxf4 Na5 8. Bb3 Nxb3 9. axb3 Ne7 10. Qd2 h6 11. O-O-O a5 12. Rhf1 a4 13. bxa4 b5 14. e5 b4 15. Ne4 Rxa4 16. b3 Ra1+ 17. Kb2 Rxd1 18. Rxd1 Nd5 19. d4 g5 20. Bg3 Bf5 21.
Re1 O-O 22. exd6 Bxe4 23. Rxe4 Qa8 24. Re1 Qa3+ 0-1

[Event "Late-Titled-Tuesday-Blitz-March-12-2024"]
[Site "Chess.com"]
[Date "2024.03.12"]
[Round "4"]
[White "maurovargas01"]
[Black "Byniolus"]
[Result "0-1"]
[WhiteElo "1839"]
[BlackElo "2782"]
[TimeControl "180+1"]
[EndTime "14:35:32 PDT"]
[Termination "Byniolus won on time"]

1. e4 a6 2. Nc3 b6 3. f4 c6 4. Nf3 d6 5. d3 e6 6. g3 f6 7. Bg2 g6 8. O-O h6 9. e5 dxe5 10.
fxe5 f5 11. Nh4 Ne7 12. Qe1 Bg7 13. b4 Qd4+ 14. Be3 Qxe5 15. d4 Qd6 16. b5 O-O 17.
Rb1 g5 18. Nf3 axb5 19. Ne5 Ra3 20. Rd1 Nd7 21. Nf3 b4 22. Nb1 Rxa2 0-1

[Event "Late-Titled-Tuesday-Blitz-March-12-2024"]
[Site "Chess.com"]
[Date "2024.03.12"]
[Round "4"]
[White "Bryanl106"]
[Black "Yushko_Olga"]
[Result "1-0"]
[WhiteElo "2663"]
[BlackElo "2196"]
[TimeControl "180+1"]
[EndTime "14:35:35 PDT"]
[Termination "Bryanl106 won by resignation"]

1. e4 e6 2. d4 d5 3. Nd2 Nf6 4. e5 Nfd7 5. f4 c5 6. c3 Nc6 7. Ndf3 Qb6 8. a3 cxd4 9. cxd4 f6 10. Bd3 Be7 11. Ne2 O-O 12. b4 Re8 13. h4 Nf8 14.
h5 fxe5 15. fxe5 Bd7 16. h6 g6 17. Be3 Rac8 18. Kf2 Rc7 19. Qd2 Bc8 20. Rhc1 Nd7 21. Nf4 Ndxe5 22. dxe5 d4 23. Nxd4 Nxd4 24. Rxc7 Qxc7 25.
Bxd4 Rd8 26. Qe3 Bg5 27. g3 Qd7 28. Rc1 b6 29. Be2 Bb7 30. Rd1 Qf7 31. Kg1 Rf8 32. Bf3 Bxf3 33. Qxf3 Bxh6 34. Be3 g5 35. Qg4 Kh8 36. Nxe6 Re8 37. Rd8 Rxd8 38. Nxd8 Bg7 39. Nxf7+ 1-0

[Event "Late-Titled-Tuesday-Blitz-March-12-2024"]
[Site "Chess.com"]
[Date "2024.03.12"]
[Round "4"]
[White "chessamical"]
[Black "Chessbard1972"]
[Result "1-0"]
[WhiteElo "2230"]
[BlackElo "2415"]
[TimeControl "180+1"]
[EndTime "14:35:39 PDT"]
[Termination "chessamical won on time"]

1. d4 Nf6 2. Bf4 d5 3. e3 c5 4. Nf3 Qb6 5. Nc3 cxd4 6. exd4 a6 7. a3 Nc6 8. Na4 Qa5+ 9. b4 Qxa4 10. Bd3 Bg4 11. Be2 1-0

[Event "Late-Titled-Tuesday-Blitz-March-12-2024"]
[Site "Chess.com"]
[Date "2024.03.12"]
[Round "4"]
[White "GHANDEEVAM2003"]
[Black "IlyaGrigorjev"]
[Result "1-0"]
[WhiteElo "3099"]
[BlackElo "2926"]
[TimeControl "180+1"]
[EndTime "14:35:42 PDT"]
[Termination "GHANDEEVAM2003 won by resignation"]

1. a3 Nf6 2. c4 g6 3. Nc3 d5 4.
cxd5 Nxd5 5. Qb3 Nb6 6. h4 Bg7 7. h5 Nc6 8. Nf3 Bg4 9. Ng5 e6 10. h6 Be5 11. d3 O-O 12. g3 Nd4 13. Qd1 f6 14. Nf3 Bxf3 15. exf3 f5 16. f4 Bf6 17.
Bg2 c6 18. O-O Qd7 19. Re1 Rad8 20. a4 a5 21. Bd2 Rfe8 22. Rb1 Qd6 23. Na2 Ra8 24. Nc1 Nd5 25. Nb3 Nb4 26. Bc3 Kf7 27. Nd2 Nxd3 28. Nc4 Qc5 29. Qxd3 Rad8 30. Ne5+ Bxe5 31.
Rxe5 Qb6 32. Rbe1 c5 33. Qc4 1-0

[Event "Late-Titled-Tuesday-Blitz-March-12-2024"]
[Site "Chess.com"]
[Date "2024.03.12"]
[Round "4"]
[White "waltereador"]
[Black "kleber2007"]
[Result "0-1"]
[WhiteElo "2323"]
[BlackElo "2531"]
[TimeControl "180+1"]
[EndTime "14:35:42 PDT"]
[Termination "kleber2007 won by resignation"]

1. e4 c6 2. d4 d5 3. Nc3 dxe4 4. Bc4 Nf6 5. f3 exf3 6. Nxf3 Bf5 7. O-O e6 8. Ne5 Bg6 9. Bg5 Be7 10. Ne2 Nbd7 11.
Nxg6 hxg6 12. c3 Nd5 13. Bd2 Bd6 14. h3 Qh4 15. Bxd5 exd5 16. Qe1 Qxe1 17. Raxe1 O-O 18.
Bf4 Bxf4 19. Nxf4 Rfe8 20. Nd3 f6 21. Kf2 Kf7 22. Nf4 g5 23. Nd3 Re4 24. Re2 Rae8 25.
Rfe1 Rxe2+ 26. Rxe2 Rxe2+ 27. Kxe2 Ke6 28. g4 g6 29. Kf3 f5 30. b4 b6 31. a3 Kd6 32.
Ke3 c5 33. b5 f4+ 34. Kf3 Ke6 35. a4 c4 36. Nb4 Nf6 37. Nc6 Ne4 38. Nxa7 Nxc3 39.
Nc6 Nxa4 40. Ne5 Nc3 41. Nxg6 Nxb5 42. Nxf4+ gxf4 43. Kxf4 Nxd4 44. h4 c3 45. Ke3 b5 46.
h5 Kf6 47. h6 Kg6 48. g5 Nf5+ 49. Kd3 b4 50. Kc2 Nxh6 51. gxh6 Kxh6 0-1

[Event "Late-Titled-Tuesday-Blitz-March-12-2024"]
[Site "Chess.com"]
[Date "2024.03.12"]
[Round "4"]
[White "Noki102"]
[Black "emeli_chess"]
[Result "1-0"]
[WhiteElo "2556"]
[BlackElo "2382"]
[TimeControl "180+1"]
[EndTime "14:35:43 PDT"]
[Termination "Noki102 won by resignation"]

1. d4 Nf6 2. Nc3 d5 3. Bf4 c5 4. e4 cxd4 5. Qxd4 Nc6 6. Bb5 Bd7 7. Bxc6 Bxc6 8. e5 Ne4 9. Nge2 e6 10. Nxe4 dxe4 11.
O-O-O Qxd4 12. Nxd4 Bc5 13. Nxc6 bxc6 14. Be3 Bxe3+ 15.
fxe3 f5 16. exf6 gxf6 17. Rd6 Ke7 18. Rxc6 Rhc8 19. Ra6 Rc7 20. Rf1 Rg8 21. g3 Rg5 22.
Rd1 Rh5 23. Rdd6 Rxh2 24. Rxe6+ Kf7 25. Rxf6+ Kg7 26. Rfc6 Rf7 27. b3 Rg2 28. Ra4 Rxg3 29. Rxe4 h5 30. Re5 h4 31. Rh5 h3 32. Rch6 Rff3 33.
e4 Rc3 34. Kb2 Rce3 35. e5 Rg2 36. Rxh3 Rxe5 37. Rh7+ Kg6 38. Rxa7 Rc5 39. Rc3 Rd5 40. Ra6+ Kf5 41. Rac6 Ke5 42. R6c5 1-0

[Event "Late-Titled-Tuesday-Blitz-March-12-2024"]
[Site "Chess.com"]
[Date "2024.03.12"]
[Round "4"]
[White "AsaHoffmann"]
[Black "subham777"]
[Result "0-1"]
[WhiteElo "2398"]
[BlackElo "2570"]
[TimeControl "180+1"]
[EndTime "14:35:44 PDT"]
[Termination "subham777 won by checkmate"]

1. d4 d5 2. Bg5 Nf6 3. Nd2 e6 4. e3 Be7 5. Bd3 b6 6. f4 Bb7 7. Ngf3 Ne4 8. Bxe7 Qxe7 9. Bxe4 dxe4 10. Ne5 O-O 11.
O-O Nd7 12. c3 c5 13. Qg4 Rad8 14. a4 f5 15. Qh3 Nxe5 16. fxe5 cxd4 17. exd4 Qg5 18.
Rad1 Qg6 19. Qe3 Qh5 20. Rde1 g5 21. Rf2 f4 22. Qe2 Qxe2 23. Rfxe2 e3 24. Nc4 Ba6 25.
b3 Rc8 26. g3 f3 27. Rxe3 f2+ 28. Kf1 fxe1=Q+ 29. Kxe1 Bxc4 30. bxc4 Rxc4 31. Ke2 Rxa4 32. Kd3 Rc8 33. Re4 Ra3 34. Rg4 Rcxc3+ 35. Ke4 Re3# 0-1

[Event "Late-Titled-Tuesday-Blitz-March-12-2024"]
[Site "Chess.com"]
[Date "2024.03.12"]
[Round "4"]
[White "Felix-Rose"]
[Black "corvachesky"]
[Result "1-0"]
[WhiteElo "2287"]
[BlackElo "2501"]
[TimeControl "180+1"]
[EndTime "14:35:44 PDT"]
[Termination "Felix-Rose won by checkmate"]

1. e4 c6 2. d4 d5 3. e5 Bf5 4. h4 a6 5. g4 Bd7 6. f4 e6 7. h5 c5 8. c3 Nc6 9. Nf3 Rc8 10. a3 Qb6 11. Be2 cxd4 12. cxd4 Nxd4 13. Nxd4 Rxc1 14. Qxc1 Qxd4 15. Qc7 Ne7 16. Nc3 Qxf4 17. Rf1 Qg3+ 18. Kd1 Nc6 19. Qxb7 Qxe5 20. Rxf7 Kxf7 21. Qxd7+ Ne7 22. Kc2 Kg8 23. Rf1 Qb8 24. Qxe6# 1-0

[Event "Late-Titled-Tuesday-Blitz-March-12-2024"]
[Site "Chess.com"]
[Date "2024.03.12"]
[Round "4"]
[White "ncofre98"]
[Black "Ready4abattle"]
[Result "1-0"]
[WhiteElo "2605"]
[BlackElo "2412"]
[TimeControl "180+1"]
[EndTime "14:35:47 PDT"]
[Termination "ncofre98 won by resignation"]

1. e4 c5 2. Nf3 Nc6 3. Bb5 e6 4. O-O Nge7 5. Re1 a6 6. Bf1 d5 7.
exd5 Nxd5 8. d4 Nf6 9. Be3 cxd4 10. Nxd4 Nxd4 11. Qxd4 Qxd4 12. Bxd4 Bd7 13. a4 Bc6 14. a5 Bb4 15. c3 Be7 16. Nd2 O-O 17.
Nc4 Nd5 18. Nb6 Nxb6 19. Bxb6 Bd8 20. Bxd8 Rfxd8 21. Red1 Kf8 22. f3 Ke7 23. Kf2 Rxd1 24. Rxd1 Rd8 25. Rxd8 Kxd8 26. Ke3 Kc7 27. Kd4 b6 28. Bxa6 bxa5 29. Kc5 e5 30. Bb5 Bb7 31. Bd3 g6 32. Bc4 f5 33. Bg8 h6 34. Bh7 e4 35. fxe4 Bxe4 36. g3 g5 37. g4 1-0

[Event "Late-Titled-Tuesday-Blitz-March-12-2024"]
[Site "Chess.com"]
[Date "2024.03.12"]
[Round "4"]
[White "Zavgorodniy_Sergiy"]
[Black "VojtechPlat"]
[Result "0-1"]
[WhiteElo "2611"]
[BlackElo "2865"]
[TimeControl "180+1"]
[EndTime "14:35:49 PDT"]
[Termination "VojtechPlat won by checkmate"]

1. d4 d6 2. c4 Nf6 3. Nc3 e5 4. Nf3 exd4 5. Nxd4 g6 6. e4 Bg7 7. Be2 O-O 8. O-O Re8 9. f3 Nc6 10. Be3 Bd7 11. Qd2 a6 12. Rac1 Qe7 13. Rfd1 Rad8 14. Nd5 Nxd5 15. cxd5 Nxd4 16. Bxd4 c5 17. dxc6 Bxc6 18.
Bxg7 Kxg7 19. Qd4+ Qe5 20. Bc4 f5 21. exf5 gxf5 22.
Bxa6 Bxf3 23. Rc7+ Kg6 24. Qxe5 dxe5 25. Rxd8 Rxd8 26.
Bxb7 Bh5 27. a4 Rd1+ 28. Kf2 Rd2+ 29. Ke1 Rxb2 30. a5 e4 31. a6 e3 32. Bf3 Bxf3 33. gxf3 Rxh2 34. a7 Ra2 35. f4 Kh5 36. Rg7 h6 37.
Kf1 Kh4 38. Ke1 h5 39. Rg5 Rxa7 40. Rxf5 Kg4 41. Rg5+ Kf3 42. Rxh5 Ra1# 0-1

[Event "Late-Titled-Tuesday-Blitz-March-12-2024"]
[Site "Chess.com"]
[Date "2024.03.12"]
[Round "4"]
[White "bazar-wokzal"]
[Black "Levanzovsky"]
[Result "1-0"]
[WhiteElo "2560"]
[BlackElo "2382"]
[TimeControl "180+1"]
[EndTime "14:35:49 PDT"]
[Termination "bazar-wokzal won by resignation"]

1. e4 e5 2. Bc4 Nf6 3. d3 d5 4. exd5 Nxd5 5. Nf3 Nc6 6. O-O Bg4 7. h3 Bh5 8. Re1 f6 9. g4 Bf7 10. d4 Bd6 11. dxe5 Bxe5 12. Nxe5 fxe5 13. Nc3 Nxc3 14. Bxf7+ Kxf7 15. Qf3+ Qf6 16. Qxc3 Rhf8 17. Qb3+ Ke7 18. Be3 b6 19. Rad1 Rad8 20. Qc4 Qf3 21. Bg5+ Rf6 22. Rxd8 Kxd8 23. Bxf6+ gxf6 24. Qg8+ Kd7 25. Qxh7+ Kd6 26. Qd3+ Nd4 27. Qxf3 Nxf3+ 28. Kf1 Kd5 29. Re3 Nd2+ 30.
Kg2 Nc4 31. h4 1-0

[Event "Late-Titled-Tuesday-Blitz-March-12-2024"]
[Site "Chess.com"]
[Date "2024.03.12"]
[Round "4"]
[White "Josgar05"]
[Black "miraitrunks"]
[Result "1-0"]
[WhiteElo "2375"]
[BlackElo "2177"]
[TimeControl "180+1"]
[EndTime "14:35:50 PDT"]
[Termination "Josgar05 won on time"]

1. Nc3 d5 2. d4 Nf6 3. Bf4 c6 4. e3 Nbd7 5. h4 h5 6. Be2 g6 7.
Qd2 Qb6 8. O-O-O a5 9. f3 a4 10. g4 hxg4 11. fxg4 a3 12. b3 e6 13. h5 Bb4 14.
Qd3 Qa5 15. Nb1 Ne4 16. Rh2 c5 17. hxg6 Rxh2 18. gxf7+ Kxf7 19. Bxh2 Kg7 20. Rf1 c4 21. bxc4 Ra6 22. cxd5 exd5 23. Bf3 Rc6 24. Bxe4 dxe4 25. Qxe4 Qb5 26. Rf5 Qb6 27. Rg5+ Kf7 28. Qh7+ 1-0

[Event "Late-Titled-Tuesday-Blitz-March-12-2024"]
[Site "Chess.com"]
[Date "2024.03.12"]
[Round "4"]
[White "yosephtaher"]
[Black "The_Machine04"]
[Result "1-0"]
[WhiteElo "2982"]
[BlackElo "2813"]
[TimeControl "180+1"]
[EndTime "14:35:51 PDT"]
[Termination "yosephtaher won by checkmate"]

1. e4 d6 2. f4 e5 3. Nf3 exf4 4.
d4 g5 5. h4 g4 6. Ng5 h6 7.
Nxf7 Kxf7 8. Bc4+ Kg7 9. Bxf4 Nf6 10. Nc3 Nc6 11. Qd2 Nh5 12. O-O-O Be7 13. Be3 Bd7 14.
Rhf1 Nf6 15. Bf4 Be8 16. Qe2 Bh5 17. e5 Ne8 18. Nd5 Bxh4 19. Kb1 Bg5 20. g3 Rf8 21. Rh1 Bg6 22. Qxg4 Qc8 23. e6 Bf5 24. Qh5 Qxe6 25. Bxg5 hxg5 26. Nf4 Qf6 27. Ne6+ Bxe6 28. Qh7# 1-0

[Event "Late-Titled-Tuesday-Blitz-March-12-2024"]
[Site "Chess.com"]
[Date "2024.03.12"]
[Round "4"]
[White "Rud_2008"]
[Black "ChristopherYoo"]
[Result "0-1"]
[WhiteElo "2777"]
[BlackElo "2996"]
[TimeControl "180+1"]
[EndTime "14:35:55 PDT"]
[Termination "ChristopherYoo won by resignation"]

1. e4 Nc6 2. Nf3 d6 3. d4 Nf6 4. Nc3 Bg4 5. Be2 e5 6. d5 Bxf3 7. Bxf3 Nd4 8. Be3 c5 9. dxc6 Nxf3+ 10. Qxf3 bxc6 11. O-O Be7 12. Rfd1 O-O 13. b3 h6 14. Na4 Qc8 15. h3 d5 16. exd5 cxd5 17. Qg3 Qe6 18. Re1 Ne4 19. Qf3 f5 20. Rad1 d4 21. Bc1 Rac8 22. Re2 Rc6 23. Nb2 Nc3 24. Qd3 e4 25.
Qd2 Bg5 26. Qe1 Nxe2+ 27. Qxe2 d3 0-1

[Event "Late-Titled-Tuesday-Blitz-March-12-2024"]
[Site "Chess.com"]
[Date "2024.03.12"]
[Round "4"]
[White "RichardShtivelband"]
[Black "tarno17"]
[Result "1-0"]
[WhiteElo "2493"]
[BlackElo "2216"]
[TimeControl "180+1"]
[EndTime "14:35:57 PDT"]
[Termination "RichardShtivelband won by resignation"]

1. d4 d5 2. c4 e6 3. Nc3 Nf6 4. Nf3 Be7 5. Bf4 O-O 6. e3 c6 7. Qc2 b6 8. O-O-O Ba6 9. Ne5 c5 10. dxc5 Bxc5 11. cxd5 exd5 12. g4 Bxf1 13. Rhxf1 Na6 14.
g5 Nh5 15. Nxd5 Qc8 16. a3 Nxf4 17. exf4 Qh3 18. Kb1 Rac8 19. Qd3 Qe6 20. Qxa6 Rfd8 21. Qd3 h6 22. h4 1-0

[Event "Late-Titled-Tuesday-Blitz-March-12-2024"]
[Site "Chess.com"]
[Date "2024.03.12"]
[Round "4"]
[White "flubs"]
[Black "Mikhail_Golubev"]
[Result "0-1"]
[WhiteElo "2483"]
[BlackElo "2678"]
[TimeControl "180+1"]
[EndTime "14:35:58 PDT"]
[Termination "Mikhail_Golubev won by resignation"]

1. c4 g6 2. Nc3 Bg7 3. g3 e5 4. Bg2 Nc6 5. e3 d6 6. Nge2 Nf6 7. O-O O-O 8. Nd5 Ne8 9. d4 Bg4 10. dxe5 Nxe5 11. Qc2 Nf3+ 12. Kh1 Qd7 13. Rb1 c6 14. Ndf4 Nf6 15. Nc3 g5 16. Nd3 Qf5 17. Ne1 Nxe1 18.
Qxf5 Bxf5 19. Rxe1 Bxb1 20. Nxb1 d5 21. cxd5 cxd5 22.
Nc3 Rfd8 23. Ne2 Ne4 24. b3 Rac8 25. Nd4 Nxf2+ 0-1

[Event "Late-Titled-Tuesday-Blitz-March-12-2024"]
[Site "Chess.com"]
[Date "2024.03.12"]
[Round "4"]
[White "APOKALIPSA13"]
[Black "Quattroporte300"]
[Result "0-1"]
[WhiteElo "2204"]
[BlackElo "2482"]
[TimeControl "180+1"]
[EndTime "14:35:59 PDT"]
[Termination "Quattroporte300 won by resignation"]

1. d4 g6 2. h4 Nf6 3. c4 Bg7 4. Nc3 d6 5. e4 h5 6. Bg5 O-O 7. Be2 c5 8. d5 Qa5 9. Qd2 a6 10. Nh3 b5 11. cxb5 axb5 12. Bxb5 Nxe4 13. Nxe4 Qxb5 14. Bxe7 Re8 15. Qg5 Bxh3 16. Rxh3 Qxb2 17. Rd1 Rxa2 18. Re3 Nd7 19. Bf6 Bxf6 20. Nxf6+ Nxf6 21. Rxe8+ Nxe8 22. Qe3 Nf6 23. Qf3 Ng4 24. Kf1 Qxf2+ 25.
Qxf2 Rxf2+ 26. Kg1 Re2 27. g3 Kg7 28. Rf1 f5 29.
Rf4 Kf6 0-1

[Event "Late-Titled-Tuesday-Blitz-March-12-2024"]
[Site "Chess.com"]
[Date "2024.03.12"]
[Round "4"]
[White "GWR2024"]
[Black "AlexandreHouhou"]
[Result "0-1"]
[WhiteElo "2158"]
[BlackElo "2332"]
[TimeControl "180+1"]
[EndTime "14:36:02 PDT"]
[Termination "AlexandreHouhou won by resignation"]

1. e4 e6 2. d4 d5 3. Nd2 Nf6 4. e5 Nfd7 5. Bd3 c5 6. c3 Nc6 7.
Ne2 cxd4 8. cxd4 f6 9. exf6 Nxf6 10. O-O Bd6 11. Nf3 Qc7 12. Bg5 O-O 13. Bh4 Bd7 14. Rc1 h6 15. Bg3 Nh5 16. Bb1 Nxg3 17. Nxg3 Be8 18. Qd3 g6 19. Nh4 Qg7 20. a3 Nxd4 21.
Nxg6 Bxg6 22. Qxg6 Qxg6 23. Bxg6 Bxg3 24. hxg3 Ne2+ 25.
Kh2 Nxc1 26. Rxc1 Rac8 27. Re1 Rf6 28. Bh5 Rc2 29. f3 d4 30. f4 d3 31. Bf3 d2 32.
Re5 Rc1 33. Rb5 b6 34. Rb4 d1=Q 35. Bxd1 Rxd1 36. Rc4 Rf7 37. Rc6 Re7 38. Rd6 Rxd6 0-1

[Event "Late-Titled-Tuesday-Blitz-March-12-2024"]
[Site "Chess.com"]
[Date "2024.03.12"]
[Round "4"]
[White "Alphafischer2019"]
[Black "crazyluzhinTh3"]
[Result "1-0"]
[WhiteElo "2743"]
[BlackElo "2567"]
[TimeControl "180+1"]
[EndTime "14:36:09 PDT"]
[Termination "Alphafischer2019 won by resignation"]

1. e4 d6 2. d4 Nf6 3. Nc3 g6 4. Be3 c6 5. Qd2 Nbd7 6. O-O-O Qa5 7. Kb1 b5 8. f3 Rb8 9. Nd5 Qxd2 10. Nxf6+ Nxf6 11. Rxd2 a6 12. Ne2 Bg7 13. Nc1 O-O 14.
Nb3 Bd7 15. Be2 Rfc8 16. Rhd1 Be8 17. h4 Nd7 18. h5 Nb6 19. h6 Bh8 20. Na5 Bd7 21.
g4 Kf8 22. Bg5 Be6 23. Be3 Nc4 24. Nxc4 Bxc4 25. f4 Bxe2 26. Rxe2 e6 27. e5 Ke7 28.
g5 d5 29. Bd2 Kd7 30. Bb4 Ra8 31. Bc5 a5 32. b3 Kc7 33. c3 Kb7 34. Rb2 Ra6 35. c4 Kc7 36. Rc1 Kd7 37. a3 Raa8 38. cxb5 cxb5 39. Rbc2 Rc6 40. Bd6 Rac8 41. Bc5 R8c7 42.
Kb2 Rc8 43. Rc3 Ke8 44. Bb6 Rxc3 45. Rxc3 Rxc3 46. Kxc3 Kd7 47. Bxa5 Kc6 48. Kb4 Bxe5 49. fxe5 1-0

[Event "Late-Titled-Tuesday-Blitz-March-12-2024"]
[Site "Chess.com"]
[Date "2024.03.12"]
[Round "4"]
[White "SpeedofLight0"]
[Black "Fh2411"]
[Result "1-0"]
[WhiteElo "3081"]
[BlackElo "2651"]
[TimeControl "180+1"]
[EndTime "14:36:10 PDT"]
[Termination "SpeedofLight0 won by resignation"]

1. d4 d5 2. Nc3 Nf6 3. Bf4 Bf5 4. e3 c6 5. Bd3 Bg6 6. Nf3 Nbd7 7. O-O e6 8. Ne5 Nxe5 9. Bxe5 Be7 10. Qe2 O-O 11. Bxg6 hxg6 12. e4 dxe4 13. Nxe4 Nxe4 14. Qxe4 Qd5 15.
Qe2 b5 16. c3 Bf6 17. Bg3 Rfd8 18. b3 a6 19. Rad1 c5 20. c4 Qc6 21. dxc5 Qxc5 22.
Rc1 Qb4 23. c5 Rd2 24. Qe1 Bc3 25. c6 Rc8 26. c7 Qd4 27. Rd1 Rxd1 28. Qxd1 e5 29.
Qf3 Rxc7 30. Rd1 Qc5 31. Rd8+ Kh7 32. Qg4 Bd2 33. Rxd2 Qc1+ 34. Rd1 Qc2 35. Qh4+ 1-0

[Event "Late-Titled-Tuesday-Blitz-March-12-2024"]
[Site "Chess.com"]
[Date "2024.03.12"]
[Round "4"]
[White "Casper"]
[Black "LeoWin2012"]
[Result "1-0"]
[WhiteElo "2477"]
[BlackElo "2192"]
[TimeControl "180+1"]
[EndTime "14:36:10 PDT"]
[Termination "Casper won on time"]

1. e4 d6 2. b3 Nf6 3. Qe2 g6 4. Bb2 Bg7 5. f4 O-O 6. Nf3 Nbd7 7. g3 Re8 8. e5 dxe5 9. fxe5 Nd5 10. c4 N5b6 11. a4 a5 12. Bg2 Nc5 13. d4 Nxb3 14.
Ra3 Bf5 15. O-O Be6 16. d5 Nxd5 17. cxd5 Bxd5 18. Rd1 Nc5 19. Ng5 c6 20. Qf2 Qb6 21. Bd4 Bxg2 22. Bxc5 Qc7 23. Qxf7+ Kh8 24. Kxg2 Qxe5 25. Qxe8+ Rxe8 26. Nf7+ Kg8 27. Nxe5 Bxe5 28. Re3 Bf6 29. Rd7 Kf7 30. Nc3 Kf8 31. Ne4 Be5 32. Ng5 Bf6 33. Nxh7+ Kg7 34. Nxf6 1-0

[Event "Late-Titled-Tuesday-Blitz-March-12-2024"]
[Site "Chess.com"]
[Date "2024.03.12"]
[Round "4"]
[White "Jagerrmeisterr"]
[Black "PelinGorki"]
[Result "1-0"]
[WhiteElo "2722"]
[BlackElo "2546"]
[TimeControl "180+1"]
[EndTime "14:36:11 PDT"]
[Termination "Jagerrmeisterr won by resignation"]

1. e4 d6 2. Nc3 Nf6 3. f4 d5 4. e5 d4 5. Nce2 Nd5 6. Nxd4 Nxf4 7. Ndf3 c5 8. d4 Ng6 9. d5 Bg4 10. h3 Bxf3 11. Nxf3 e6 12. Bb5+ Nd7 13. O-O a6 14.
dxe6 fxe6 15. Bc4 Qb6 16. Ng5 Ndxe5 17. Bxe6 Be7 18. Qd5 Bf6 19. Be3 Rd8 20. Bf7+ Kf8 21.
Bxc5+ 1-0

[Event "Late-Titled-Tuesday-Blitz-March-12-2024"]
[Site "Chess.com"]
[Date "2024.03.12"]
[Round "4"]
[White "Oleksandr_Bortnyk"]
[Black "SaqoChess_Twitch"]
[Result "1-0"]
[WhiteElo "3004"]
[BlackElo "2644"]
[TimeControl "180+1"]
[EndTime "14:36:12 PDT"]
[Termination "Oleksandr_Bortnyk won by resignation"]

1. f3 d5 2. a3 Nf6 3. h4 e5 4. e3 Bd6 5. Nh3 O-O 6. Nf2 e4 7. f4 h5 8. Be2 g6 9. g4 hxg4 10. Nxg4 Nxg4 11. Bxg4 Bxg4 12. Qxg4 Qc8 13. Qg2 Kg7 14. b4 Be7 15. Bb2+ f6 16. Nc3 c6 17. h5 Qe8 18. O-O-O Rh8 19. Rdg1 Rh6 20. Nxe4 dxe4 21. Qxe4 Nd7 22. Rxg6+ Rxg6 23. hxg6 Nf8 24. f5 Nxg6 25. fxg6 Bd6 26. Rh7+ Kg8 27. Rh8+ Kxh8 28. Qh4+ Kg8 29. Qh7+ Kf8 30. g7+ Ke7 31. g8=Q+ Kd8 32. Bxf6+ Be7 33. Qxe7+ 1-0

[Event "Late-Titled-Tuesday-Blitz-March-12-2024"]
[Site "Chess.com"]
[Date "2024.03.12"]
[Round "4"]
[White "Synctel"]
[Black "cristiano78"]
[Result "1-0"]
[WhiteElo "1903"]
[BlackElo "2269"]
[TimeControl "180+1"]
[EndTime "14:36:12 PDT"]
[Termination "Synctel won by checkmate"]

1. e4 c5 2. Ne2 d6 3. g3 g6 4. Bg2 Bg7 5. c3 Nc6 6. d4 Nf6 7. dxc5 dxc5 8. Qxd8+ Nxd8 9. e5 Ng4 10.
f4 O-O 11. h3 Nh6 12. Be3 Ne6 13. Nd2 Bd7 14. Ne4 Bc6 15. O-O b6 16. g4 f5 17. exf6 exf6 18. Nxf6+ Bxf6 19. Bxc6 Rac8 20. Bd5 Rfe8 21. g5 Nf5 22. Bf2 Bh8 23. Ng3 Nxg3 24. Bxg3 Rcd8 25. Bb3 Kf8 26. f5 gxf5 27. Rxf5+ Kg7 28.
Raf1 Kg6 29. h4 b5 30. Rf6+ Bxf6 31. Rxf6+ Kh5 32. Bxe6 Rf8 33. Rh6# 1-0

[Event "Late-Titled-Tuesday-Blitz-March-12-2024"]
[Site "Chess.com"]
[Date "2024.03.12"]
[Round "4"]
[White "ACollins05"]
[Black "Sajkochess"]
[Result "0-1"]
[WhiteElo "2554"]
[BlackElo "2347"]
[TimeControl "180+1"]
[EndTime "14:36:16 PDT"]
[Termination "Sajkochess won by checkmate"]

1. d4 Nf6 2. c4 e6 3. Nf3 Bb4+ 4. Nbd2 b6 5. a3 Bxd2+ 6. Qxd2 Bb7 7. b4 a5 8. Bb2 axb4 9. axb4 Rxa1+ 10. Bxa1 Nc6 11.
e3 Ne4 12. Qb2 Qa8 13. Bd3 Nxb4 14. Bxe4 Bxe4 15. Ke2 Qa4 16. Ne5 f6 17. f3 Bc2 18.
Ng4 Bd3+ 19. Kf2 Bxc4 20. Qc3 Nd3+ 21. Kg3 h5 22. h3 hxg4 23. fxg4 Qa2 24. e4 Qf2+ 25.
Kh2 Nf4 26. Qg3 Rxh3+ 27. Qxh3 Nxh3 28. Kxh3 Bf1 29. Rh2 g5 30. d5 Qh4# 0-1

[Event "Late-Titled-Tuesday-Blitz-March-12-2024"]
[Site "Chess.com"]
[Date "2024.03.12"]
[Round "4"]
[White "CaspiIsrael"]
[Black "GilbertoHernandezAmura"]
[Result "1-0"]
[WhiteElo "2691"]
[BlackElo "2458"]
[TimeControl "180+1"]
[EndTime "14:36:17 PDT"]
[Termination "CaspiIsrael won by resignation"]

1. e4 g6 2. d4 Bg7 3. c4 d6 4. Nc3 Nf6 5. Be2 e5 6. Nf3 exd4 7. Nxd4 O-O 8. O-O Re8 9. f3 a5 10. Kh1 Na6 11. Be3 Nc5 12. Qd2 Bd7 13. Rad1 a4 14.
Ndb5 Bxb5 15. Nxb5 Nfd7 16. Nc3 Ne5 17. Nd5 Qd7 18.
Bg5 Re6 19. Qc2 Nc6 20. Be3 Qc8 21. Rfe1 h6 22. b4 Nd7 23. a3 Re8 24. Qd2 Kh7 25. Rc1 b6 26. Red1 Nce5 27. Bf1 Nf6 28. Nxf6+ Bxf6 29. Bxh6 Rh8 30. Bg5 Bxg5 31. Qxg5 Kg7 32. Kg1 Qe6 33.
Qe3 Rh5 34. h3 Rah8 35. Rc2 Re8 36. c5 bxc5 37. bxc5 dxc5 38. Rxc5 Qe7 39. Rdc1 c6 40. Qc3 Kg8 41. Be2 Rg5 42. f4 Nd7 43. Rxg5 1-0

[Event "Late-Titled-Tuesday-Blitz-March-12-2024"]
[Site "Chess.com"]
[Date "2024.03.12"]
[Round "4"]
[White "Kopytkin"]
[Black "Willhaven3"]
[Result "1-0"]
[WhiteElo "2445"]
[BlackElo "2626"]
[TimeControl "180+1"]
[EndTime "14:36:17 PDT"]
[Termination "Kopytkin won by resignation"]

1. d4 f5 2. Bg5 h6 3. Bf4 Nf6 4. Nc3 d6 5. h4 g6 6. e4 fxe4 7. f3 Nc6 8. fxe4 Bg4 9. Nf3 e5 10. dxe5 Bxf3 11. gxf3 dxe5 12. Be3 Qxd1+ 13. Rxd1 Bb4 14.
Bc4 Bxc3+ 15. bxc3 Rd8 16. Rxd8+ Kxd8 17. Rg1 Ne7 18.
Bf7 h5 19. Bxg6 Rg8 20. Bf7 Rxg1+ 21. Bxg1 Kd7 22. Be3 Kd6 23. Bg5 Neg8 24. Ke2 Ke7 25. Bxg8 1-0

[Event "Late-Titled-Tuesday-Blitz-March-12-2024"]
[Site "Chess.com"]
[Date "2024.03.12"]
[Round "4"]
[White "HajiyevKanan"]
[Black "Rinqed222"]
[Result "1-0"]
[WhiteElo "2531"]
[BlackElo "2321"]
[TimeControl "180+1"]
[EndTime "14:36:21 PDT"]
[Termination "HajiyevKanan won on time"]

1. d4 Nf6 2. Nf3 g6 3. c4 Bg7 4. g3 O-O 5. Bg2 d6 6. O-O c5 7. b3 a6 8. Bb2 Bf5 9. Nbd2 Nc6 10. Nh4 cxd4 11. Nxf5 gxf5 12. Bxc6 bxc6 13. Bxd4 e5 14. Bc3 Qd7 15. Qc2 e4 16. Rfd1 d5 17. Nf1 Qe6 18. Rd2 Rad8 19. Rad1 Rd7 20. Qb2 Nh5 21. Bxg7 Nxg7 22. Qa3 f4 23. Qxa6 f3 24. exf3 exf3 25. cxd5 Qh3 26. Ne3 Nf5 27. Qf1 Qxf1+ 28. Kxf1 Nxe3+ 29. fxe3 1-0